 Dungeon Crawl Stone Soup version 0.18.1-5-g4a78601 (webtiles) character file.

13534 JimmyB the Bludgeoner (level 12, -1/131 (132) HPs)
             Began as an Ogre Berserker on May 2, 2016.
             Was a High Priest of Trog.
             Slain by a hippogriff (8 damage)
             ... on level 9 of the Dungeon on May 10, 2016.
             The game lasted 04:05:48 (13984 turns).

JimmyB the Bludgeoner (Ogre Berserker)             Turns: 13984, Time: 04:05:48

HP:   -1/131 (132)  AC:  3    Str: 30 (33) XL:     12   Next: 7%
MP:   12/12         EV: 13    Int:  3 (6)  God:    Trog [*****.]
Gold: 395           SH:  0    Dex:  8 (9)  Spells: 0 memorised, 11 levels left

rFire  . . .     SeeInvis .     M - +2 whip (elec)
rCold  . . .     Gourm    .     b - +0 animal skin
rNeg   . . .     Faith    .     (no shield)
rPois  .         Spirit   .     (helmet restricted)
rElec  .         Dismiss  .     (no cloak)
rCorr  +         Reflect  .     (gloves unavailable)
SustAt .         Harm     .     (boots unavailable)
MR     +....                    T - amulet of rage
Stlth  +.........               u - +4 ring of strength
                                v - ring of resist corrosion

@: lethally poisoned (-1 -> -1), exhausted, slowed, very slow, somewhat
resistant to hostile enchantments, very unstealthy
A: unfitting armour, tough skin 1
a: Berserk, Trog's Hand, Brothers in Arms, Burn Spellbooks, Renounce Religion,
Evoke Berserk Rage


You were on level 9 of the Dungeon.
You worshipped Trog.
Trog was extremely pleased with you.
You were very hungry.

You visited 2 branches of the dungeon, and saw 11 of its levels.
You also visited: Ossuary.

You collected 395 gold pieces.

Inventory:

Hand Weapons
 m - a +0 greatsling
 M - a +2 whip of electrocution (weapon)
Missiles
 k - 436 stones (quivered)
Armour
 b - a +0 animal skin (worn)
Jewellery
 t - an uncursed ring of sustain attributes {unknown}
 u - a +4 ring of strength (right hand)
 v - a ring of resist corrosion (left hand)
 T - an amulet of rage (around neck)
Wands
 a - a wand of paralysis (10/24)
 r - a wand of confusion (17/48)
 J - a wand of iceblast (6/15)
 O - a wand of random effects (22/48)
 Q - a wand of lightning (2/15)
 R - a wand of random effects (24/48)
Scrolls
 f - 2 scrolls of identify
 g - 5 scrolls of remove curse
 n - 2 scrolls of random uselessness {unknown}
 p - 2 scrolls of blinking
 q - 4 scrolls of teleportation
 s - 3 scrolls of immolation {unknown}
 x - 3 scrolls of enchant weapon {unknown}
 y - 2 scrolls of enchant armour {unknown}
 z - a scroll of amnesia {unknown}
 A - a scroll of summoning {unknown}
 B - 2 scrolls of magic mapping
 F - a scroll of fear {unknown}
 L - a scroll of noise {unknown}
 P - a scroll of fog {unknown}
Potions
 d - a potion of berserk rage {unknown}
 e - 4 potions of curing {unknown}
 i - 4 potions of heal wounds {unknown}
 l - a potion of degeneration
 o - a potion of lignification {unknown}
 w - 3 potions of cure mutation {unknown}
 C - 9 potions of might {unknown}
 D - 4 potions of brilliance {unknown}
 E - a potion of flight {unknown}
 G - 2 potions of haste {unknown}
Miscellaneous
 j - a box of beasts {used: 1}
 N - a fan of gales
 S - a plain deck of defence {drawn: 1}
Comestibles
 c - 7 bread rations
 h - 4 fruits
 H - a meat ration
 I - 2 royal jellies
 K - a beef jerky


   Skills:
 + Level 11.9 Fighting
 * Level 15.4 Maces & Flails
   Level 3.2 Polearms
 + Level 10.7 Dodging
 + Level 0.1 Evocations


You had 11 spell levels left.
You didn't know any spells.

Dungeon Overview and Level Annotations

Branches:
Dungeon (11/15)              Lair (1/8) D:9             Orc (0/2) D:11
 Temple: D:4-7

Altars:
Ashenzari
Fedhas
Gozag
Kikubaaqudgha
Makhleb
Okawaru
Pakellas
Qazlal
Ru
Vehumet
Xom
Yredelemnul

Shops:
D:5 %


Innate Abilities, Weirdness & Mutations

You are too large for most types of armour.
You have tough skin (AC +1).


Message History

You feel sick. The water moccasin bites you.
* * * LOW HITPOINT WARNING * * *
There is a staircase back to the Dungeon, spattered with blood here.
You see here a river rat skeleton.
You feel sick. The water moccasin bites you.
* * * LOW HITPOINT WARNING * * *
The hippogriff bites you but does no damage.
The hippogriff pecks you!
* * * LOW HITPOINT WARNING * * *
The hippogriff claws you.
* * * LOW HITPOINT WARNING * * *
The water moccasin bites you.
* * * LOW HITPOINT WARNING * * *
You climb upwards.
Welcome back to the Dungeon!
You feel sick.
There is a staircase to the Lair here.
You hit the hippogriff but do no damage.
There is a sudden explosion of sparks!
The hippogriff is almost dead.
The hippogriff bites you!
You die...

...# #.###..........# ##.# ...#
#...#..........# ##..# ####
###.+.[........#### ##..##
###...#######...# #..##
#..#.......#..###.##
#....#...#.)...#..# ##
#...##PP.##......## .#
#.#..PPPP[..#.##'####### .#####
#.#...P@HS..#........... .)(.(###
#.#..PPPPP.)#........<..
.###...###)..##...##...#....>.÷..
.# ###........#...#)...#......÷).
.# #####..#.......#..+.........
.# #...#######...#......... .#
#...# ############## ## #.###
.### #.#


You could see a hippogriff and a water moccasin.

Vanquished Creatures
  Erolcha (D:10)
  2 hill giants (D:11)
  Pikel (D:7)
  A spiny frog (Lair:1)
  3 trolls (D:10)
  A blink frog (Lair:1)
  Grinder (D:3)
  A two-headed ogre (D:11)
  A shadow (D:10)
  3 wraiths
  A spriggan (D:7)
  14 yaks
  2 wyverns
  A hungry ghost (D:8)
  The ghost of UndeadYoungAthlete the Poker, an amateur MfSk (D:3)
  2 hippogriffs
  Menkaure (D:5)
  Eustachio (D:5)
  3 water moccasins
  Duvessa (D:7)
  An orc warrior (D:11)
  An ice beast (D:7)
  2 phantoms
  A wasp (D:11)
  3 sky beasts
  2 black bears (D:8)
  An eye of draining (D:9)
  6 ogres
  A necrophage (D:9)
  6 centaurs
  An elf zombie (D:8)
  2 giant frogs
  2 gnoll sergeants (D:7)
  Blork the orc (D:5)
  Dowan (D:7)
  9 killer bees
  A wyvern skeleton (D:7)
  3 scorpions
  7 wights
  12 howler monkeys
  6 crimson imps
  4 hounds
  A quasit (D:10)
  3 jellies
  5 human zombies (D:8)
  7 orc priests
  7 orc wizards
  2 giant frog skeletons
  A human skeleton (D:8)
  Jessica (D:3)
  A centaur skeleton (D:4)
  Terence (D:3)
  9 worker ants
  A hound skeleton (D:9)
  4 mummies
  2 gnolls (D:7)
  A howler monkey skeleton (D:11)
  6 adders
  14 river rats (Lair:1)
  A shadow imp (D:9)
  3 adder skeletons
  An adder zombie (D:9)
  5 worms
  A dart slug (D:1)
  5 giant geckos
  33 orcs
  6 giant cockroaches
  2 gnoll zombies (Ossuary)
  3 goblins
  5 hobgoblins
  14 jackals
  2 quokkas
  5 bats
  3 giant newts
  2 goblin zombies (Ossuary)
  2 hobgoblin zombies (Ossuary)
  A jackal skeleton (D:4)
  A jackal zombie (D:9)
  8 kobolds
  3 kobold zombies (Ossuary)
  2 orc skeletons (D:8)
  12 rats
  A fungus (D:9)
302 creatures vanquished.

Vanquished Creatures (collateral kills)
  A sky beast (D:8)
  A howler monkey (D:8)
  A hound (D:8)
  A quokka (D:8)
4 creatures vanquished.

Vanquished Creatures (others)
  3 slaves (D:7)
  A wasp (D:7)
  A centaur (D:7)
  A hound zombie (D:7)
  An adder (D:2)
  A gnoll (D:7)
  A goblin (D:2)
  A rat (D:2)
10 creatures vanquished.

Grand Total: 316 creatures vanquished

Notes
Turn   | Place    | Note
--------------------------------------------------------------
     0 | D:1      | JimmyB the Ogre Berserker began the quest for the Orb.
     0 | D:1      | Reached XP level 1. HP: 24/24 MP: 1/1
   195 | D:1      | Reached XP level 2. HP: 32/32 MP: 2/2
   629 | D:1      | Reached ** piety under Trog
   629 | D:1      | Reached XP level 3. HP: 39/40 MP: 3/3
   899 | D:2      | Found a shattered altar of Ashenzari.
  1947 | D:2      | Reached skill level 1 in Maces & Flails
  1947 | D:2      | Reached XP level 4. HP: 49/49 MP: 4/4
  2519 | D:3      | Reached skill level 2 in Maces & Flails
  2594 | D:3      | Reached skill level 5 in Fighting
  2718 | D:3      | Noticed UndeadYoungAthlete's ghost (amateur MfSk)
  2732 | D:3      | Killed UndeadYoungAthlete's ghost
  2732 | D:3      | Reached skill level 3 in Maces & Flails
  2732 | D:3      | Reached XP level 5. HP: 58/58 MP: 5/5
  2732 | D:3      | Reached XP level 6. HP: 66/66 MP: 6/6
  2785 | D:3      | Noticed Grinder
  2811 | D:3      | Killed Grinder
  2811 | D:3      | Reached skill level 4 in Maces & Flails
  2811 | D:3      | Reached skill level 5 in Dodging
  2811 | D:3      | Reached XP level 7. HP: 71/75 MP: 7/7
  2891 | D:3      | Noticed Terence
  2904 | D:3      | Killed Terence
  2947 | D:3      | Noticed Jessica
  2951 | D:3      | Killed Jessica
  3039 | D:3      | Found a radiant altar of Vehumet.
  3053 | D:3      | Found a burning altar of Makhleb.
  3271 | D:4      | Found a sand-covered staircase.
  3308 | Ossuary  | Entered an ossuary
  3308 | Ossuary  | Noticed a wraith
  3308 | Ossuary  | Noticed a wraith
  3308 | Ossuary  | Noticed a wraith
  3463 | Ossuary  | Noticed a wraith
  3470 | Ossuary  | Killed a wraith
  3470 | Ossuary  | Reached skill level 5 in Maces & Flails
  3981 | D:4      | Reached XP level 8. HP: 58/84 MP: 8/8
  4201 | D:4      | Reached skill level 6 in Maces & Flails
  4424 | D:4      | Reached *** piety under Trog
  4587 | D:4      | Found an ancient bone altar of Kikubaaqudgha.
  4588 | D:4      | Found a blossoming altar of Fedhas.
  4689 | D:4      | Reached skill level 7 in Maces & Flails
  5089 | D:5      | Entered Level 5 of the Dungeon
  5391 | D:5      | Found an oddly glowing altar of Pakellas.
  5392 | D:5      | Noticed Eustachio
  5403 | D:5      | Killed Eustachio
  5403 | D:5      | Reached skill level 8 in Maces & Flails
  5584 | D:5      | Found Teomnugu's Food Shop.
  5625 | D:5      | Noticed Menkaure
  5633 | D:5      | Killed Menkaure
  5633 | D:5      | Reached skill level 9 in Maces & Flails
  5633 | D:5      | Reached XP level 9. HP: 95/96 MP: 9/9
  5752 | D:5      | Noticed Blork the orc
  5761 | D:5      | Killed Blork the orc
  6125 | D:5      | You fall through a shaft for 2 floors!
  6168 | D:7      | Noticed Pikel
  6179 | D:7      | Killed Pikel
  6179 | D:7      | Reached skill level 10 in Maces & Flails
  6214 | D:7      | Found a stormy altar of Qazlal.
  6640 | D:7      | Reached skill level 11 in Maces & Flails
  6641 | D:7      | Noticed Dowan
  6642 | D:7      | Noticed Duvessa
  6650 | D:7      | Reached **** piety under Trog
  6654 | D:7      | Killed Dowan
  6659 | D:7      | Killed Duvessa
  6667 | D:7      | Reached XP level 10. HP: 107/107 MP: 10/10
  7681 | D:8      | Reached skill level 12 in Maces & Flails
  8222 | D:8      | Found a basalt altar of Yredelemnul.
  8610 | D:9      | Reached skill level 10 in Fighting
  8932 | D:9      | Reached skill level 13 in Maces & Flails
  9191 | D:9      | Reached XP level 11. HP: 106/119 MP: 11/11
  9488 | D:9      | Found an iron altar of Okawaru.
  9497 | D:9      | Found an opulent altar of Gozag.
  9511 | D:9      | Found a sacrificial altar of Ru.
  9533 | D:9      | Found a staircase to the Lair.
  9818 | D:9      | Reached ***** piety under Trog
  9876 | D:9      | Found a shimmering altar of Xom.
 10216 | D:10     | Entered Level 10 of the Dungeon
 10416 | D:10     | Reached skill level 14 in Maces & Flails
 10460 | D:10     | Received a gift from Trog
 10632 | D:10     | Upgraded the game from 0.18-b1-18-g7758cf2 to 0.18.1-5-g4a78601
 11273 | D:10     | Noticed Erolcha
 11280 | D:10     | Killed Erolcha
 11294 | D:10     | Reached skill level 10 in Dodging
 11658 | D:11     | Found a staircase to the Orcish Mines.
 11688 | D:11     | Noticed a hill giant
 11699 | D:11     | Killed a hill giant
 12183 | D:11     | Noticed a hill giant
 12198 | D:11     | Killed a hill giant
 12481 | D:11     | Found an oddly glowing altar of Pakellas.
 12490 | D:11     | Reached skill level 15 in Maces & Flails
 13413 | Lair:1   | Entered Level 1 of the Lair of Beasts
 13462 | Lair:1   | Reached XP level 12. HP: 52/131 MP: 12/12
 13984 | D:9      | Slain by a hippogriff

Skill      XL: |  1  2  3  4  5  6  7  8  9 10 11 |
---------------+----------------------------------+-----
Dodging        | 3 4 5 6 8 9 10 | 10.7
Maces & Flails | 1 3 4 5 9 11 13 15 | 15.4
Fighting       | 5 6 8 9 10 11 | 11.9
Polearms       | |  3.2
Evocations     | |  0.1

Action                   |  1- 3 |  4- 6 |  7- 9 | 10-12 || total
-------------------------+-------+-------+-------+-------++-------
Melee: Spear             |    89 |       |       |       ||    89
       Mace              |    32 |    62 |   292 |       ||   386
       Whip              |       |       |    56 |   635 ||   691
Throw: Stone             |       |       |       |     3 ||     3
Invok: Berserk           |     2 |     3 |    13 |    16 ||    34
       Trog's Hand       |       |     2 |     3 |     6 ||    11
       Burn Spellbooks   |       |       |     1 |       ||     1
       Brothers in Arms  |       |       |       |     1 ||     1
Evoke: Wand              |       |       |     1 |       ||     1
       Deck              |       |       |       |     1 ||     1
       Box of beasts     |       |       |       |     1 ||     1
  Use: Scroll            |       |       |     8 |     6 ||    14
       Potion            |       |       |       |     1 ||     1
 Stab: Sleeping          |     1 |     1 |     1 |       ||     3
       Distracted        |       |       |       |     1 ||     1
  Eat: Chunk             |     4 |     5 |    15 |    24 ||    48
       Pizza             |     1 |       |       |       ||     1
       Fruit             |       |       |     1 |     4 ||     5
       Beef jerky        |       |       |     1 |       ||     1
       Bread ration      |       |       |     2 |     3 ||     5
Armor: Animal skin       |    38 |    12 |   115 |    52 ||   217
Dodge: Dodged            |    50 |    34 |   157 |   252 ||   493
